 Dungeon Crawl Stone Soup version 0.29-a0-472-ge5599a681e (webtiles) character file.

Game seed: 15007973630489335253

595 Sabo the Chopper (level 7, -2/45 HPs)
             Began as an Octopode Transmuter on May 23, 2022.
             Was a Priest of Fedhas.
             Slain by an ogre
             ... wielding a +0 giant spiked club
              (15 damage)
             ... on level 6 of the Dungeon.
             The game lasted 00:33:08 (7968 turns).

Sabo the Chopper (Octopode Transmuter)              Turns: 7968, Time: 00:33:10

Health: -2/45      AC:  1    Str:  9    XL:     7   Next: 40%
Magic:  0/11       EV: 14    Int: 18    God:    Fedhas [***...]
Gold:   303        SH:  0    Dex: 12    Spells: 11/12 levels left

rFire   . . .      SeeInvis .   f - +0 war axe
rCold   . . .      Faith    .   i - orb {light}
rNeg    . . .      Spirit   +   (helmet currently unavailable)
rPois   .          Reflect  .   q - amulet of guardian spirit
rElec   .          Harm     .   g - ring of resist corrosion
rCorr   +          Rampage  .   (no ring)
Will    .....                   (no ring)
Stlth   ++........              (no ring)
HPRegen 0.15/turn               (no ring)
MPRegen 0.12/turn               (no ring)
                                (no ring)
                                (no ring)

@: appendages, glowing
A: tentacle spike 3, almost no armour, amphibious, 8 rings, camouflage 1,
gelatinous body 1, (nimble swimmer 1), tentacles
a: End Transformation, Renounce Religion, Wall of Briars, Grow Ballistomycete


You were on level 6 of the Dungeon.
You worshipped Fedhas.
Fedhas was most pleased with you.
One of your tentacles had grown a beastly spike.
You visited 2 branches of the dungeon, and saw 7 of its levels.

You collected 303 gold pieces.

Inventory:

Hand Weapons
 f - a +0 war axe (weapon)
 m - a +0 dagger of flaming
 o - a +0 vampiric trident
 u - a +0 fustibalus
 z - a +0 dire flail of draining
Armour
 i - an orb of light (worn)
Jewellery
 g - a ring of resist corrosion (left tentacle)
 q - an amulet of guardian spirit (around mantle)
Wands
 r - a wand of iceblast (11)
Scrolls
 h - 2 scrolls of poison
 k - a scroll of silence
 l - a scroll of teleportation
 t - a scroll of magic mapping
 v - a scroll of enchant weapon {unknown}
 w - a scroll of amnesia {unknown}
Potions
 a - a potion of lignification
 b - 2 potions of resistance
 c - a potion of haste {unknown}
 d - a potion of invisibility {unknown}
 e - 2 potions of flight {unknown}
 j - 2 potions of magic
 n - a potion of heal wounds {unknown}
 p - 2 potions of curing
 s - a potion of degeneration {unknown}
 x - a potion of ambrosia {unknown}


   Skills:
 + Level 2.2 Fighting
 + Level 4.4 Axes
 + Level 3.4 Dodging
 + Level 3.2 Stealth
 + Level 3.5 Unarmed Combat
 + Level 3.1 Spellcasting
 + Level 3.2 Transmutations


You had 11 spell levels left.
You knew the following spells:

 Your Spells              Type           Power      Damage    Failure   Level
a - Beastly Appendage     Tmut           28%        N/A       4%          1

Your spell library contained the following spells:

 Spells                   Type           Power      Damage    Failure   Level
 Wereblood                Tmut           14%        N/A       6%          2
 Passwall                 Tmut/Erth      6%         N/A       13%         2
 Magic Dart               Conj           8%         1d3       16%         1
 Sandblast                Erth           4%         2d4       16%         1
 Shock                    Conj/Air       8%         1d3       16%         1
 Slow                     Hex            8%         N/A       16%         1
 Searing Ray              Conj           4%         2d4       24%         2
 Spider Form              Tmut/Pois      8%         N/A       26%         3
 Confusing Touch          Hex            2%         N/A       43%         3
 Dazzling Flash           Conj/Hex       4%         N/A       43%         3
 Ozocubu's Armour         Ice            2%         N/A       43%         3
 Stone Arrow              Conj/Erth      4%         3d7       43%         3
 Swiftness                Air            2%         N/A       43%         3
 Vampiric Draining        Necr           2%         2d6       43%         3
 Ice Form                 Ice/Tmut       8%         N/A       63%         4
 Airstrike                Air            1%         N/A       85%         4
 Fulminant Prism          Conj/Hex       1%         3d6       85%         4
 Agony                    Necr           2%         N/A       99%         5
 Metabolic Englaciation   Hex/Ice        1%         N/A       99%         5
 Silence                  Hex/Air        1%         N/A       99%         5
 Simulacrum               Ice/Necr       1%         N/A       100%        6


Dungeon Overview and Level Annotations

Branches:
Dungeon (6/15)             Temple (1/1) D:4

Altars:
Fedhas

Shops:
D:4 *   D:5 *

Annotations:
D:5 3 runed translucent doors, 2FriedEggs's ghost, amateur DsNe


Innate Abilities, Weirdness & Mutations

One of your tentacles has grown a beastly spike.
You cannot wear most types of armour.
You are amphibious.
You can wear up to eight rings at the same time.
Your skin changes colour to match your surroundings (Stealth+).
Your rubbery body absorbs attacks. (AC +1, EV +1)
((You are camouflaged when in or above water. (Stealth+)))
You have tentacles for arms and can constrict up to eight enemies at once.


Message History

Confirm with . or Enter, or press ? or * to list all spells.
One of your tentacles grows a vicious spike.
The orc shouts!
You hear a shout!
An orc comes into view. It is wielding a +0 club.
An ice beast comes into view.
The orc shouts!
An orc comes into view.
It is wielding a +2 dagger of protection.
The orc wizard hits you with a +0 dagger.
You hit the orc wizard. You grab the orc wizard.
You pierce the orc wizard.
The orc wizard is heavily wounded.
You constrict the orc wizard, but do no damage.
The orc wizard hits you with a +0 dagger.
You hit the orc wizard.
The orc wizard is severely wounded.
You constrict the orc wizard.
The orc wizard hits you with a +0 dagger.
A briar patch grows up from the ground. x6; You constrict the orc wizard.
You kill the orc wizard!
Fedhas appreciates your contribution to the ecosystem.
The ogre hits you with a +0 giant spiked club!!
* * * LOW HITPOINT WARNING * * *
You hit the orc. You grab the orc.
The orc is almost dead.
You hit the ogre. You constrict the orc.
You kill the orc!
Fedhas appreciates your contribution to the ecosystem.
The ogre closely misses you.
The ice beast is struck by your briar patch's thorns.
The ice beast hits your briar patch. The ice beast freezes your briar patch!
Your briar patch is destroyed!
Your briar patch disappears in a puff of smoke!
The orc misses you.
You hit the orc. You grab the orc.
You pierce the orc, but do no damage.
You squeeze the orc.
You kill the orc!
Fedhas appreciates your contribution to the ecosystem.
You completely miss the ogre.
The ogre hits you with a +0 giant spiked club!
You die...
Fedhas appreciates your contribution to the ecosystem.

.............#..##.......#
................###.....##
...##.......#..## #######
...............#
..####.......>##
#.........# #.........##
..#...OPP....#
.......o@P.)..#
......Y.PP#...#
......?.......#
..............#
.....$......#..#
..##....##.##.... ..
##$..........##
............#


You could see an ice beast, an ogre (ally target) and an orc.

Vanquished Creatures
  Edmund (D:5)
  A jelly (D:6)
  Jessica (D:2)
  Ijyb (D:3)
  Natasha (D:2)
  Terence (D:2)
  3 iguanas
  3 orc wizards
  Robin (D:2)
  8 adders
  3 worms
  8 orcs
  5 endoplasms
  6 giant cockroaches
  18 goblins
  7 hobgoblins
  10 kobolds
  2 quokkas
  4 ball pythons
  11 bats
  5 frilled lizards
  4 rats
104 creatures vanquished.

Notes
Turn   | Place    | Note
-------+----------+-------------------------------------------
     0 | D:1      | Sabo the Octopode Transmuter began the quest for the Orb.
     0 | D:1      | Reached XP level 1. HP: 13/13 MP: 3/3
   471 | D:1      | Reached XP level 2. HP: 18/18 MP: 5/5
   683 | D:1      | Found a faded altar of an unknown god.
   695 | D:1      | Prayed at the altar of an unknown god.
   695 | D:1      | Became a worshipper of Fedhas Madash
   695 | D:1      | Reached * piety under Fedhas
  1281 | D:2      | Reached XP level 3. HP: 9/23 MP: 6/6
  1572 | D:2      | Reached skill level 1 in Stealth
  1580 | D:2      | Noticed Robin
  1582 | D:2      | Reached ** piety under Fedhas
  1589 | D:2      | Reached skill level 1 in Axes
  1590 | D:2      | Reached XP level 4. HP: 14/28 MP: 7/7
  1591 | D:2      | Killed Robin
  1885 | D:2      | Noticed Jessica
  1891 | D:2      | Killed Jessica
  2290 | D:2      | Reached XP level 5. HP: 33/33 MP: 8/8
  2373 | D:2      | Noticed Natasha
  2378 | D:2      | Killed Natasha
  2379 | D:2      | Reached skill level 2 in Axes
  2661 | D:2      | Noticed Terence
  2665 | D:2      | Killed Terence
  3941 | D:3      | Noticed Ijyb
  3949 | D:3      | Killed Ijyb
  4079 | D:3      | Reached XP level 6. HP: 37/38 MP: 9/9
  4311 | D:3      | Reached *** piety under Fedhas
  4855 | D:4      | Found a staircase to the Ecumenical Temple.
  4865 | Temple   | Entered the Ecumenical Temple
  5040 | D:4      | Reached skill level 3 in Axes
  5207 | D:4      | Found Pintiwka's CLEARANCE SALE!.
  6249 | D:5      | Entered Level 5 of the Dungeon
  6534 | D:5      | Found a runed translucent gate.
  6535 | D:5      | Found a runed translucent gate.
  6535 | D:5      | Found a runed translucent gate.
  6535 | D:5      | Noticed 2FriedEggs's ghost (amateur DsNe)
  7613 | D:5      | Found Amucile's Assorted Antiques.
  7616 | D:5      | Noticed Edmund
  7624 | D:5      | Killed Edmund
  7625 | D:5      | Reached skill level 4 in Axes
  7625 | D:5      | Reached XP level 7. HP: 27/45 MP: 6/11
  7968 | D:6      | Slain by an ogre

Illustrated notes

Levels and vault maps discovered:
D:1:      dpeg_arrival_radiant, layout_rooms,
          hellmonk_ecumenical_altar_pennies_from_heaven
D:2:      layout_basic, uniq_natasha, uniq_terence, uniq_jessica, uniq_robin
D:3:      layout_basic, st_stairs_7, kennysheep_cross_bottleneck,
          minmay_quantized, uniq_ijyb
D:4:      layout_basic, minmay_temple_entry_arrows, nicolae_shop_clearance
D:5:      layout_gridville, gammafunk_ghost_split, serial_shops,
          kennysheep_mini, uniq_edmund
D:6:      layout_cave_pools, serial_column_ruins, column_ruins_temple_circle,
          column_ruins_grid_5, column_ruins_open_medium,
          column_ruins_corridor_straight, column_ruins_grid_1,
          column_ruins_grid_3, column_ruins_columns_dead_end
Temple:   mainiacjoe_temple_hex_bubbles

Skill      XL: |  1  2  3  4  5  6 |
---------------+-------------------+-----
Stealth        | 1 2 3 |  3.2
Axes           | 1 2 4 |  4.4
Dodging        | 3 |  3.4
Spellcasting   | 3 |  3.1
Transmutations | 3 |  3.2
Fighting       | 2 |  2.2
Unarmed Combat | |  3.5

Action                   |  1- 3 |  4- 6 |  7- 9 || total
-------------------------+-------+-------+-------++-------
Melee: Unarmed           |    16 |       |       ||    16
       Hand axe          |    44 |    16 |       ||    60
       Tentacles         |    13 |    24 |     3 ||    40
       Constrict         |    19 |    38 |     4 ||    61
       Kick              |     5 |    26 |     3 ||    34
       Punch             |     1 |     5 |       ||     6
       War axe           |       |    97 |     8 ||   105
 Cast: Beastly Appendage |     5 |    17 |     2 ||    24
Invok: Wall of Briars    |       |     1 |     1 ||     2
  Use: Scroll            |     2 |     3 |     2 ||     7
       Potion            |       |     1 |     1 ||     2
 Stab: Sleeping          |     2 |     3 |       ||     5
Armor: Skin              |     2 |     7 |       ||     9
Dodge: Dodged            |    55 |    81 |     3 ||   139

Table legend: (Time is in decaauts)
 A = Elapsed time spent in this place.
 B = Non-inter-level travel time spent in this place.
 C = Inter-level travel time spent in this place.
 D = Time resting spent in this place.
 E = Time spent auto-exploring this place.
 F = Levels seen in this place.
 G = Mean time per level.
                   A        B        C        D        E       F      G
               +--------+--------+--------+--------+--------+-----+--------+
         Total |   8019 |   8019 |      0 |   3110 |      0 |   7 | 1145.6 |
       Dungeon |   8011 |   8011 |      0 |   3110 |      0 |   6 | 1335.2 |
        Temple |      7 |      7 |      0 |      0 |      0 |   1 |    7.0 |
               +--------+--------+--------+--------+--------+-----+--------+

Top non-repeatable levels by time:
     D:2: 2290 daAuts
     D:5: 1637 daAuts
     D:3: 1635 daAuts
     D:4: 1404 daAuts
     D:1: 953 daAuts
     D:6: 91 daAuts
  Temple: 7 daAuts
